 Dungeon Crawl Stone Soup version 0.31.0-9-g3a7656b989 (webtiles) character file.

Game seed: 6148416364924173397

2 Jase the Shield-Bearer (level 1, 18/18 HPs)
             Began as a Formicid Fighter on Jan 25, 2024.
             Was a Follower of Jiyva.
             Quit the game on level 1 of the Dungeon.
             The game lasted 00:00:24 (39 turns).

Jase the Shield-Bearer (Formicid Fighter)             Turns: 39, Time: 00:00:24

Health: 18/18      AC:  6    Str: 20    XL:     1   Next: 33%
Magic:  1/1        EV:  9    Int:  7    God:    Jiyva [*.....]
Gold:   0          SH:  5    Dex: 13    Spells: 0/0 levels left

rFire   . . .        a - +0 flail
rCold   . . .        c - +0 buckler
rNeg    . . .        b - +0 scale mail
rPois   .            (helmet unavailable)
rElec   .            (no cloak)
rCorr   .            (no gloves)
SInv    +            (no boots)
Will    .....        (no amulet) Stlth
                     (no ring)
HPRegen 1.03/turn    (no ring)
MPRegen 0.47/turn

%: no passive effects
@: no status effects
A: permanent stasis, dig shafts and tunnels, antennae 3, four strong arms
a: Dig, Shaft Self, Renounce Religion


You were on level 1 of the Dungeon.
You worshipped Jiyva.
Jiyva was aware of your devotion.
You visited 1 branch of the dungeon, and saw 1 of its levels.

Inventory:

Hand Weapons
 a - a +0 flail (weapon)
Armour
 b - a +0 scale mail (worn)
 c - a +0 buckler (worn)
Potions
 d - a potion of might


   Skills:
 - Level 3.2 Fighting
 + Level 2.1 Maces & Flails
 - Level 3.2 Armour
 + Level 4.1 Shields


You couldn't memorise any spells.
You didn't know any spells.
Your spell library was empty.

Dungeon Overview and Level Annotations

Branches:
Dungeon (1/15)

Altars:
Jiyva


Innate Abilities, Weirdness & Mutations

You cannot be hasted, slowed, berserked, paralysed or teleported.
You can dig through walls and to a lower floor.
You have a pair of large antennae on your head. (SInv)
Your four strong arms can wield two-handed weapons with a shield.


Message History

You open the large door.
Found a stone staircase leading down.
There is a large open door here.
There is a large open door here.
Found a robe.
No target in view!
Found a faded altar of an unknown god.
You see here a +0 robe.
Found a chain mail.
You see here a +0 robe.
There is a faded altar of an unknown god here.
This altar belongs to (a) Jiyva, (b) Hepliaklqana or (c) Ru, but you can't tell which.
Press the corresponding letter to learn more about a god, or press enter to convert or escape to cancel.
Jiyva accepts your prayer! Jiyva welcomes you!
Jiyva begins accelerating your health and magic regeneration.
You hear a distant slurping noise.
You hear a distant slurping noise.
Found a stone staircase leading down.
You hear a distant slurping noise.
You hear a distant slurping noise.
A goblin comes into view. It is wielding a +0 dagger.
The goblin shouts!
You hear a distant slurping noise. x2
A kobold comes into view. It is wielding a +0 whip.
The goblin hits you but does no damage.
You barely miss the goblin.
The kobold shouts!
You hear a distant slurping noise.
The goblin closely misses you.
You thump the goblin!
You kill the goblin!
There is a stone staircase leading down, spattered with blood here.
Things that are here:
a +0 dagger; a goblin corpse The kobold hits you with a +0 whip.
You hit the kobold.
You kill the kobold!
No target in view!
No target in view!
No target in view!
Are you sure you want to abandon this character and quit the game? (Confirm with "yes".)

###### #....## #.....#
###.....## ##
#...###..#### ###.
##.####∩.[...#
##.#...###..# #.._.#.##
........>..## #⌠...#..#
######@##......######..
#..).###.....# ##.
#...#### ....## #.. #..
...[#######.. #..
....##...##.. ..
....##.<.''.> .
..##...##.. #+####..
##+


There were no monsters in sight!

Vanquished Creatures
  A kobold (D:1)
  A goblin (D:1)
2 creatures vanquished.

Notes
Turn   | Place    | Note
-------+----------+-------------------------------------------
     0 | D:1      | Jase the Formicid Fighter began the quest for the Orb.
     0 | D:1      | Reached XP level 1. HP: 18/18 MP: 1/1
    13 | D:1      | Found a faded altar of an unknown god.
    20 | D:1      | Prayed at the altar of an unknown god.
    20 | D:1      | Became a worshipper of Jiyva Jidd the Shapeless
    20 | D:1      | Reached * piety under Jiyva
    39 | D:1      | Quit the game

Illustrated notes

Levels and vault maps discovered:
D:1:      dpeg_arrival_simpleton_b, layout_rooms,
          ebering_ecumenical_altar_abandoned

Action                     || total
---------------------------++-------
  Melee: Flail             ||     3
 Armour: Scale mail        ||     2
  Dodge: Dodged            ||     1
